 Dungeon Crawl Stone Soup version 0.25-a0-294-gea9b1ad378 (webtiles) character file.

Game seed: 8205951952967200155, levelgen mode: deterministic

170 Lanoc the Ducker (level 5, -11/31 HPs)
             Began as a Felid Fire Elementalist on Dec 19, 2019.
             Killed by divine providence
             ... invoked by an orc priest
              (15 damage)
             ... on level 3 of the Dungeon.
             The game lasted 00:08:53 (2779 turns).

Lanoc the Ducker (Felid Fire Elementalist)          Turns: 2779, Time: 00:08:53

Health: -11/31     AC:  1    Str:  6 (9)  XL:     5   Next: 26%
Magic:  1/9        EV: 26    Int: 15 (17) God:
Gold:   146        SH:  0    Dex: 19 (22) Spells: 0/8 levels left
                                        Lives:  0   Deaths: 1

rFire    + . .     SeeInvis +   (weapon unavailable)
rCold    x . .     Gourm    .   (shield unavailable)
rNeg     . . .     Faith    .   (armour unavailable)
rPois    .         Spirit   .   (helmet unavailable)
rElec    .         Reflect  .   (cloak unavailable)
rCorr    .         Harm     .   (gloves unavailable)
MR       .....                  (boots unavailable)
Stlth    ..........             (no amulet)
HPRegen  0.10/turn              n - ring of fire
MPRegen  0.11/turn              (no ring)

@: agile, berserking, lethally poisoned (-11 -> -14), very slightly
contaminated, very quick
A: very small, no armour, no weapons or thrown items, stealth, claws 1, fangs 3,
see invisible, carnivore, speed 1, shaggy fur 1, slow metabolism 1, sharp paws
a: no special abilities


You were on level 3 of the Dungeon.
You were very full.

You visited 1 branch of the dungeon, and saw 4 of its levels.

You collected 146 gold pieces.

Inventory:

Jewellery
 n - a ring of fire (left paw)
Scrolls
 a - 3 scrolls of identify {unknown}
 c - 4 scrolls of enchant weapon {unknown}
 d - 2 scrolls of random uselessness {unknown}
 e - a scroll of remove curse {unknown}
 i - a scroll of amnesia {unknown}
 k - a scroll of enchant armour {unknown}
 l - a scroll of fear {unknown}
 m - a scroll of teleportation {unknown}
Comestibles
 b - 9 rations


   Skills:
 + Level 5.1 Dodging
 - Level 2.6 Stealth
 - Level 2.0 Spellcasting
 + Level 2.9 Conjurations
 + Level 4.0 Fire Magic


You couldn't memorise any spells.
You knew the following spells:

 Your Spells              Type           Power        Failure   Level  Hunger
a - Foxfire               Conj/Fire      ###.         5%          1    #......
b - Conjure Flame         Conj/Fire      ###.....     16%         3    ###....
c - Sticky Flame          Conj/Fire      ###.....     45%         4    #####..

Your spell library contained the following spells:

 Spells                   Type           Power        Failure   Level  Hunger
 Inner Flame              Hex/Fire       ##......     28%         3    ###....
 Fireball                 Conj/Fire      ###.......   82%         5    ######.


Dungeon Overview and Level Annotations

Branches:
Dungeon (4/15)
 Temple: D:4-7

Altars:
Fedhas
Kikubaaqudgha
Makhleb
Nemelex Xobeh
Okawaru
Qazlal
Uskayaw


Innate Abilities, Weirdness & Mutations

You cannot wear armour.
You are incapable of wielding weapons or throwing items.
Your paws allow you to move quietly. (Stealth)
You have sharp claws.
You have razor-sharp teeth.
You have supernaturally acute eyesight. (SInv)
You are carnivorous and can eat meat at any time.
You cover ground quickly.
You are covered in fur. (AC +1)
You have a slow metabolism.
Your sharp claws are effective at attacking unaware monsters.


Message History

You feel a strange surge of energy! The orc priest misses you.
The orc completely misses you.
You scratch the orc priest but do no damage.
The orc priest is almost dead.
The orc priest completely misses you. The orc completely misses you.
You scratch the orc priest but do no damage.
The orc priest is almost dead.
You feel sick.
The orc priest hits you with a +0 falchion.
* * * LOW HITPOINT WARNING * * *
It was a potion of agility.
You feel agile all of a sudden.
* * * LOW HITPOINT WARNING * * *
You feel sick.
It was a potion of berserk rage.
A red film seems to cover your vision as you go berserk!
You feel yourself moving faster!
You feel mighty!
The orc priest mumbles some strange prayers to Beogh against you.
Beogh smites you!
You die...

...........####.###
#####...##.# #.# # #.####.#
#.## # #......# #..## #
#.#.##.####.#.###
#####..........###oo#### o
......####.##.##.o.o...##...#
##.........#.###.♣♣♣♣...).#
####...###### #@♣ ♣♣..#...#
####...# #.♣ .## ## .).....#
..♣ .# ####...# ##.♣ .# #...#
..♣ .# ####.... ... .. ....
... #. .... .... ....


You could see an orc priest and an orc.

Vanquished Creatures
  A phantom (D:4)
  A worker ant (D:3)
  2 adders (D:2)
  3 gnolls (D:2)
  An ooze (D:1)
  An adder skeleton (D:4)
  2 worms
  2 dart slugs (D:1)
  An orc (D:3)
  4 giant cockroaches (D:1)
  6 goblins
  4 hobgoblins
  5 jackals
  A quokka (D:3)
  3 ball pythons
  3 bats
  5 frilled lizards
  2 quokka skeletons
  6 rats
53 creatures vanquished.

Vanquished Creatures (others)
  139 foxfires
139 creatures vanquished.

Grand Total: 192 creatures vanquished

Notes
Turn   | Place    | Note
-------+----------+-------------------------------------------
     0 | D:1      | Lanoc the Felid Fire Elementalist began the quest for the
                  | Orb.
     0 | D:1      | Reached XP level 1. HP: 7/7 MP: 4/4
    41 | D:1      | Reached skill level 1 in Conjurations
   324 | D:1      | Reached skill level 3 in Dodging
   331 | D:1      | Reached XP level 2. HP: 11/11 MP: 1/6
  1084 | D:1      | Reached XP level 3. HP: 14/14 MP: 7/7
  1089 | D:1      | Learned a level 3 spell: Conjure Flame
  1474 | D:2      | Reached skill level 4 in Dodging
  1546 | D:2      | Reached XP level 4. HP: 16/18 MP: 4/8
  1607 | D:2      | Found a sparkling altar of Nemelex Xobeh.
  1762 | D:2      | Found an ancient bone altar of Kikubaaqudgha.
  1762 | D:2      | Found a blossoming altar of Fedhas.
  1762 | D:2      | Found an iron altar of Okawaru.
  1927 | D:3      | Found a hide-covered altar of Uskayaw.
  1928 | D:3      | Noticed a +0 hand axe
  1928 | D:3      | Noticed a +0 dagger
  1950 | D:3      | Killed from afar by an orc priest
  1951 | D:3      | Reached XP level 3. HP: 0/14 MP: 4/7
  1951 | D:3      | Found a burning altar of Makhleb.
  1967 | D:4      | Noticed a phantom
  2021 | D:4      | Killed a phantom
  2021 | D:4      | Reached XP level 4. HP: 8/18 MP: 0/8
  2314 | D:3      | Reached XP level 5. HP: 21/21 MP: 5/9
  2398 | D:3      | Reached skill level 5 in Dodging
  2526 | D:3      | Learned a level 4 spell: Sticky Flame
  2598 | D:3      | Found a stormy altar of Qazlal.
  2779 | D:3      | Killed from afar by an orc priest

Levels and vault maps discovered:
D:1:      lemuel_arrival_lava_pool, layout_loops_ring, hangedman_feature_mirror
D:2:      layout_loops_ring, lemuel_coloured_pillars_altar,
          chequers_temple_overflow_statue_of_worship, first_ration
D:3:      lemuel_upstairs_altar, layout_loops_cross, dancing_weapons_uskayaw,
          old_standard_altar, nrook_campfire
D:4:      layout_cave_pools, marbit_many_paths, kennysheep_mini_moat,
          uniq_grinder, uniq_pikel, uniq_ijyb

Skill      XL: |  1  2  3  4  5 |
---------------+----------------+-----
Conjurations   | 1 2 |  2.9
Dodging        | 3 4 5 |  5.1
Fire Magic     | 3 4 |  4.0
Stealth        | |  2.6
Spellcasting   | |  2.0

Action                   |  1- 3 |  4- 6 || total
-------------------------+-------+-------++-------
Melee: Unarmed           |    43 |    37 ||    80
       Bite              |     4 |     3 ||     7
 Cast: Foxfire           |    55 |    30 ||    85
       Conjure Flame     |       |     1 ||     1
  Use: Potion            |       |     5 ||     5
 Stab: Sleeping          |     9 |     2 ||    11
  Eat: Chunk             |     9 |     8 ||    17
Armor: Skin              |     1 |     2 ||     3
Dodge: Dodged            |    36 |    48 ||    84

Table legend:
 A = Non-vault XP
 B = Vault XP
 C = Vault XP percentage of total XP
 D = Non-vault monster count
 E = Vault monster count
 F = Vault count percentage of total count
                 A         B        C        D         E       F
            +---------+---------+-------+---------+---------+-------
      Total |     319 |       0 |   0.0 |      53 |       0 |   0.0
            +---------+---------+-------+---------+---------+-------
        D:1 |      42 |       0 |   0.0 |      20 |       0 |   0.0
        D:2 |      90 |       0 |   0.0 |      18 |       0 |   0.0
        D:3 |      57 |       0 |   0.0 |      12 |       0 |   0.0
        D:4 |     130 |       0 |   0.0 |       3 |       0 |   0.0
            +---------+---------+-------+---------+---------+-------
